 Dungeon Crawl Stone Soup version 0.18.1-50-g88ac8fd (webtiles) character file.

4 Chiseanne the Gusty (level 1, 14/14 HPs)
             Began as a Centaur Air Elementalist on Oct 12, 2016.
             Quit the game on level 1 of the Dungeon.
             The game lasted 00:00:33 (155 turns).

Chiseanne the Gusty (Centaur Air Elementalist)       Turns: 155, Time: 00:00:33

Health: 14/14      AC:  4    Str: 10    XL:     1   Next: 58%
Magic:  3/3        EV:  9    Int: 14    God:
Gold:   19         SH:  0    Dex:  9    Spells: 1 memorised, 2 levels left

rFire  . . .     SeeInvis .     h - +0 short sword (curse)
rCold  . . .     Gourm    .     a - +0 robe
rNeg   . . .     Faith    .     (no shield)
rPois  .         Spirit   .     (no helmet)
rElec  .         Dismiss  .     (no cloak)
rCorr  .         Reflect  .     (no gloves)
SustAt .         Harm     .     (no barding)
MR     .....                    (no amulet)
Stlth  ..........               (no ring)
                                g - ring of loudness (curse)

@: very quick, not resistant to hostile enchantments, extremely unstealthy
A: hooves 3, deformed body, speed 2, tough skin 3
a: no special abilities


You were on level 1 of the Dungeon.
You were not hungry.

You visited 1 branch of the dungeon, and saw 1 of its levels.

You collected 19 gold pieces.

Inventory:

Hand Weapons
 e - a +0 whip
 h - a cursed +0 short sword (weapon)
Armour
 a - a +0 robe (worn)
Jewellery
 g - a cursed ring of loudness (left hand)
Scrolls
 d - a scroll of magic mapping
Books
 b - a book of Air

   Spells                             Type                      Level
   a - Shock                          Conjuration/Air              1
   b - Swiftness                      Charms/Air                   2
   c - Repel Missiles                 Charms/Air                   2
   d - Static Discharge               Conjuration/Air              3
   e - Lightning Bolt                 Conjuration/Air              5
Comestibles
 c - a bread ration
 f - 2 chunks of flesh


   Skills:
 - Level 1.3 Dodging
 - Level 1.2 Stealth
 * Level 1.8 Spellcasting
 * Level 1.1 Conjurations
 * Level 2.7 Air Magic


You had 2 spell levels left.
You knew the following spells:

 Your Spells              Type           Power        Failure   Level  Hunger
a - Shock                 Conj/Air       #...         14%         1    ##.....


Dungeon Overview and Level Annotations

Branches:
Dungeon (1/15)

Altars:


Innate Abilities, Weirdness & Mutations

You have hooves in place of feet.
Armour fits poorly on your strangely shaped body.
You cover ground very quickly.
You have extremely tough skin (AC +3).


Message History

Really target yourself? [Y]es or [N]o only, please.
Really target yourself? [Y]es or [N]o only, please.
Really target yourself?
Okay, then.
Put on which piece of jewellery? (? for menu, Esc to quit)
Oops, that ring feels deathly cold.
g - a cursed ring of loudness (left hand) Read which item? (? for menu, Esc to quit)
As you read the scroll labeled CEDUCA GAHON, it crumbles to dust.
You feel aware of your surroundings.
It was a scroll of magic mapping.
d - a scroll of magic mapping
Found a runed short sword.
You see here a runed short sword.
h - a runed short sword Wield which item (- for none, * to show all)? (? for menu, Esc to quit)
It sticks to your hand!
h - a cursed +0 short sword (weapon)
Are you sure you want to abandon this character and quit the game? (Confirm with "yes".)

*,,,,.###..,,****,**,**,,,,
*****,....*****,.,,,,**,,,,
** **#..#* **#.#,*****,,,,
,** #..####...#,*****,,,,
,,*
########..#...!#**,,,,,,,,,,
*,***#...........#***
****,***,,,
,,,,...####.####.# *,* **,,
,,,***** #.# #.# *,* ***
**,* #####.# #@# *,* *
**.*###.....# #.#**** *,* *
....#.....### #$.,,,**
**,**** * ...........##
####*,,***,,,,,* *
............# **,,,,,,,,,* *
g...........# *****,,,,,* *
............# *,,,,,*
............# *,,,,,*
............# *,,,,,*


There were no monsters in sight!

Vanquished Creatures
  A dart slug (D:1)
  A hobgoblin (D:1)
  A giant newt (D:1)
3 creatures vanquished.

Notes
Turn   | Place    | Note
--------------------------------------------------------------
     0 | D:1      | Chiseanne the Centaur Air Elementalist began the quest for the Orb.
     0 | D:1      | Reached XP level 1. HP: 14/14 MP: 3/3
    50 | D:1      | Reached skill level 1 in Conjurations
   155 | D:1      | Quit the game

Skill      XL: |  1 |
---------------+----+-----
Conjurations   | 1 |  1.1
Dodging        | |  1.3
Stealth        | |  1.2
Spellcasting   | |  1.8
Air Magic      | |  2.7

Action                   || total
-------------------------++-------
Melee: Whip              ||     5
 Cast: Shock             ||     3
  Use: Scroll            ||     1
Armor: Robe              ||     1
Dodge: Dodged            ||     1
